 Dungeon Crawl Stone Soup version 0.30-a0-793-g160f7cfddd (webtiles) character file.

Game seed: 252332842076436578

308 Farfigtubin the Sneak (level 6, -1/38 HPs)
             Began as a Kobold Brigand on Feb 19, 2023.
             Slain by an orc wizard
             ... wielding a +0 dagger
              (4 damage)
             ... on level 3 of the Dungeon.
             The game lasted 00:12:31 (1576 turns).

Farfigtubin the Sneak (Kobold Brigand)              Turns: 1576, Time: 00:12:32

Health: -1/38      AC:  3    Str:  8    XL:     6   Next: 68%
Magic:  6/6        EV: 14    Int: 13    God:
Gold:   98         SH:  0    Dex: 18    Spells: 5/5 levels left

rFire   . . .      SeeInvis .    a - +2 dagger
rCold   . . .      Faith    .    (no shield)
rNeg    . . .      Spirit   .    b - +0 robe
rPois   .          Reflect  .    (no helmet)
rElec   .          Harm     .    c - +0 cloak
rCorr   .          Rampage  .    (no gloves)
Will    .....                    (no boots)
Stlth   +++++                    l - amulet of the acrobat
HPRegen 0.26/turn                (no ring)
MPRegen 0.10/turn                (no ring)

@: no status effects
A: small, no large weapons, nightstalker 3
a: no special abilities


You were on level 3 of the Dungeon.
You visited 1 branch of the dungeon, and saw 6 of its levels.

You collected 98 gold pieces.

Inventory:

Hand Weapons
 a - a +2 dagger (weapon)
Missiles
 d - 8 poisoned darts (quivered)
 e - 3 curare-tipped darts
 g - 18 stones
 h - 6 silver boomerangs
 j - 5 boomerangs
Armour
 b - a +0 robe (worn)
 c - a +0 cloak (worn)
Jewellery
 l - an amulet of the acrobat (around neck)
 q - a ring of wizardry
 r - a ring of positive energy
 s - a ring of wizardry
Scrolls
 f - 2 scrolls of immolation {unknown}
 k - a scroll of identify {unknown}
 p - a scroll of teleportation {unknown}
Potions
 i - a potion of brilliance {unknown}
 m - a potion of lignification {unknown}
 n - a potion of attraction {unknown}
 o - a potion of might {unknown}
 t - a potion of haste {unknown}
 u - a potion of curing {unknown}


   Skills:
 + Level 4.0 Fighting
 * Level 6.1 Short Blades
 - Level 2.1 Throwing
 - Level 1.2 Dodging
 + Level 7.2 Stealth


You had 5 spell levels left.
You didn't know any spells.
Your spell library was empty.

Dungeon Overview and Level Annotations

Branches:
Dungeon (6/15)
 Temple: D:4-7

Altars:

Annotations:
D:3 2 runed translucent doors


Innate Abilities, Weirdness & Mutations

You are small and have problems with some larger weapons.
You are completely attuned to the shadows.


Message History

The orc wizard casts a spell at you. The magic dart hits you!
The orc wizard points at you and mumbles some strange words.
You resist with some effort.
The orc wizard gestures at you while chanting.
The magic dart hits you.
* * * LOW HITPOINT WARNING * * *
The orc wizard completely misses you. The orc wizard completely misses you.
The orc wizard misses you. The orc wizard closely misses you.
The orc wizard completely misses you.
The orc wizard casts a spell.
The orc wizard flickers and vanishes!
Deactivating autopickup; reactivate with Ctrl-A.
You hear some strange, mumbled words.
A puff of flame appears from out of thin air!
The puff of flame hits you!
* * * LOW HITPOINT WARNING * * *
You hit something but do no damage. Something hits you.
* * * LOW HITPOINT WARNING * * *
You miss something. Something barely misses you.
You barely miss something. You hit something. Something hits you.
* * * LOW HITPOINT WARNING * * *
You hit something but do no damage. Something hits you but does no damage.
You miss something. You miss something. Something barely misses you.
You hit something but do no damage. Something hits you.
* * * LOW HITPOINT WARNING * * *
You hit something. You hit something but do no damage.
Something hits you but does no damage.
You hit something but do no damage. Something hits you but does no damage.
You hit something.
You hear some strange, mumbled words.
Something tries to affect you, but you resist.
You hit something. You hit something. Something hits you but does no damage.
You miss something. Something hits you.
You die...

#########. #########
#....@{...
........####.#######.
####............< #
#>##.####..... #
#.##.# #..##. #
##.##.####..#
###...........#
##......####.
........#


There were no monsters in sight!

Vanquished Creatures
  A black bear (D:5)
  A hound (D:4)
  An orc priest (D:5)
  3 iguanas (D:5)
  4 adders
  A worm (D:3)
  A dart slug (D:5)
  5 orcs
  2 ball pythons
  3 endoplasms
  A giant cockroach (D:2)
  5 goblins
  A hobgoblin (D:3)
  3 jackals (D:1)
  2 quokkas
  3 bats
  2 kobolds
  4 rats
43 creatures vanquished.

Vanquished Creatures (others)
  7 plants (D:2)
7 creatures vanquished.

Grand Total: 50 creatures vanquished

Notes
Turn   | Place    | Note
-------+----------+-------------------------------------------
     0 | D:1      | Farfigtubin the Kobold Brigand began the quest for the Orb.
     0 | D:1      | Reached XP level 1. HP: 12/12 MP: 1/1
   108 | D:1      | Reached XP level 2. HP: 18/18 MP: 2/2
   224 | D:2      | Reached XP level 3. HP: 20/22 MP: 3/3
   310 | D:1      | Reached skill level 6 in Stealth
   562 | D:3      | Found a large runed translucent door.
   562 | D:3      | Found a large runed translucent door.
   652 | D:3      | Reached XP level 4. HP: 27/27 MP: 4/4
  1012 | D:5      | Entered Level 5 of the Dungeon
  1033 | D:5      | Reached XP level 5. HP: 32/32 MP: 5/5
  1071 | D:5      | Reached skill level 5 in Short Blades
  1355 | D:5      | Noticed a black bear
  1362 | D:5      | Killed a black bear
  1363 | D:5      | Reached skill level 7 in Stealth
  1363 | D:5      | Reached XP level 6. HP: 38/38 MP: 6/6
  1569 | D:3      | HP: 1/38 [something (1)]
  1576 | D:3      | Slain by an orc wizard

Illustrated notes

Levels and vault maps discovered:
D:1:      eino_arrival_tree_alley, layout_loops_ring, grunt_decor_one_mirror,
          minmay_misc_feat_hallway
D:2:      layout_basic, serial_bayou_crossing, uniq_jessica
D:3:      layout_loops_ring, jmf_multi_god_temple2, serial_shops,
          nicolae_square_shop
D:4:      layout_rooms, nicolae_overflow_crystal_walls, enter_ossuary_3,
          serial_curves, eino_curves_04, eino_curves_02
D:5:      layout_cave_pools, kennysheep_generic_room_4
D:6:      layout_loops_ring, lemuel_tele_altar, minmay_temple_entry_sparse_star,
          nicolae_elemental_shop, minmay_hollow_rounded_squares, uniq_grinder,
          uniq_duvessa

Skill      XL: |  1  2  3  4  5  6 |
---------------+-------------------+-----
Short Blades   | 3 4 6 |  6.1
Stealth        | 6 7 |  7.2
Fighting       | 3 4 |  4.0
Throwing       | |  2.1
Dodging        | |  1.2

Action                     |  1- 3 |  4- 6 || total
---------------------------+-------+-------++-------
  Melee: Dagger            |    66 |    90 ||   156
  Throw: Dart              |       |     1 ||     1
   Stab: Sleeping          |    12 |    12 ||    24
         Distracted        |     1 |       ||     1
 Armour: Robe              |     5 |    12 ||    17
  Dodge: Dodged            |    35 |    44 ||    79

Table legend: (Time is in decaauts)
 A = Elapsed time spent in this place.
 B = Non-inter-level travel time spent in this place.
 C = Inter-level travel time spent in this place.
 D = Time resting spent in this place.
 E = Time spent auto-exploring this place.
 F = Levels seen in this place.
 G = Mean time per level.
                   A        B        C        D        E       F      G
               +--------+--------+--------+--------+--------+-----+--------+
         Total |   1542 |   1542 |      0 |    169 |      0 |   6 |  257.0 |
       Dungeon |   1542 |   1542 |      0 |    169 |      0 |   6 |  257.0 |
               +--------+--------+--------+--------+--------+-----+--------+

Top non-repeatable levels by time:
     D:3: 463 daAuts
     D:1: 369 daAuts
     D:5: 348 daAuts
     D:2: 245 daAuts
     D:6: 67 daAuts
     D:4: 49 daAuts
